[ AOE2 MATCH · #493859176 ]
UnrankedPoles vs Dravidians
Player's team · LOSS
[ REPLAY ANALYSIS · EXTRACTED FROM THE RECORDED GAME ]
Feudal
10:16
Castle
—
Imperial
—
| APM avg | 62.5 |
| APM peak | 93 |
| eAPM avg | 24.8 |
| Villagers / military | 51 / 35 |
Focus
⚔️ 34.8% · 🌾 65.2%
Skirmisher ×33 · Archer ×1 · Spearman ×1
Feudal
9:15
Castle
25:19
Imperial
—
| APM avg | 85.9 |
| APM peak | 142 |
| eAPM avg | 24.3 |
| Villagers / military | 51 / 53 |
Focus
⚔️ 38.0% · 🌾 62.0%
Skirmisher ×32 · Archer ×16 · Militia ×5
Match map
Initial resources + every placement click. Lines = walls · curves = elevation contours. ◆ gold · ⬟ stone · ● berries · ✦ relic · ◌ wall gap
Your base· Open — 3t gap
Perro_Muchachev's base· Open — unwalled flank
Smoothed initial terrain · ◌ = detected wall gap · hover for details
Inputs per minute
— sloppy_steaks - - Perro_Muchachev
Build order — sloppy_steaks
150 actions detected in the replay
| 0:01 | Create | Villager (Male) ×4 |
| 0:04 | Build | House |
| 0:05 | Build | House |
| 1:25 | Create | Villager (Male) |
| 1:57 | Build | Lumber Camp |
| 2:01 | Create | Villager (Male) |
| 2:16 | Create | Villager (Male) |
| 2:51 | Create | Villager (Male) |
| 3:11 | Create | Villager (Male) |
| 3:11 | Create | Villager (Male) |
| 3:37 | Create | Villager (Male) |
| 3:37 | Create | Villager (Male) |
| 3:52 | Build | House |
| 3:53 | Build | House |
| 4:06 | Create | Villager (Male) |
| 4:39 | Create | Villager (Male) |
| 4:39 | Create | Villager (Male) |
| 4:39 | Create | Villager (Male) |
| 4:46 | Build | Mill |
| 5:09 | Build | Palisade Wall |
| 5:10 | Build | Palisade Wall |
| 5:26 | Create | Villager (Male) |
| 6:03 | Create | Villager (Male) |
| 6:05 | Research | Loom |
| 6:21 | Create | Villager (Male) |
| 6:44 | Build | Palisade Wall |
| 7:08 | Research | Loom |
| 7:35 | Build | Barracks |
| 7:36 | Create | Villager (Male) |
| 8:06 | Research | Feudal Age |
| 8:18 | Build | Palisade Wall |
| 8:38 | Build | House |
| 8:46 | Build | Palisade Wall |
| 8:48 | Build | Palisade Wall |
| 8:54 | Build | Palisade Wall |
| 10:16 | Age | Feudal Age |
| 10:19 | Create | Spearman |
| 10:28 | Create | Villager (Male) |
| 10:28 | Create | Villager (Male) |
| 10:30 | Research | Double-Bit Axe |
| 10:31 | Research | Horse Collar |
| 10:41 | Build | House |
| 10:44 | Build | House |
| 10:55 | Build | House |
| 10:57 | Build | Palisade Wall |
| 10:59 | Build | House |
| 11:02 | Build | Palisade Wall |
| 11:12 | Create | Villager (Male) |
| 11:26 | Build | Archery Range |
| 11:32 | Build | Archery Range |
| 11:37 | Build | Palisade Wall |
| 11:38 | Build | Palisade Wall |
| 11:39 | Build | Palisade Wall |
| 11:40 | Build | Palisade Wall |
| 11:40 | Build | Palisade Wall |
| 11:41 | Build | Palisade Wall |
| 11:49 | Build | Palisade Wall |
| 11:53 | Build | Palisade Wall |
| 11:54 | Build | Palisade Wall |
| 11:55 | Build | Palisade Wall |
| 12:27 | Build | Mining Camp |
| 12:27 | Create | Villager (Male) |
| 12:53 | Create | Archer |
| 12:55 | Create | Skirmisher |
| 12:56 | Create | Skirmisher |
| 13:00 | Build | Blacksmith |
| 13:16 | Build | Palisade Wall |
| 13:33 | Build | Watch Tower |
| 13:37 | Create | Villager (Male) |
| 13:37 | Create | Villager (Male) |
| 13:43 | Create | Villager (Male) |
| 13:46 | Build | Farm |
| 13:48 | Create | Skirmisher |
| 13:48 | Create | Skirmisher |
| 13:56 | Build | Farm |
| 13:59 | Build | Farm |
| 14:08 | Create | Skirmisher |
| 14:17 | Build | Farm |
| 14:53 | Create | Villager (Male) |
| 14:56 | Build | Farm |
| 15:05 | Build | Farm |
| 15:18 | Research | Fletching |
| 15:45 | Create | Villager (Male) |
| 15:46 | Create | Villager (Male) |
| 15:47 | Build | Farm |
| 15:52 | Create | Skirmisher |
| 15:52 | Create | Skirmisher |
| 16:07 | Create | Villager (Male) |
| 16:14 | Build | Mill |
| 16:21 | Create | Skirmisher |
| 16:27 | Create | Skirmisher |
| 16:27 | Create | Skirmisher |
| 16:28 | Create | Skirmisher |
| 16:41 | Build | Farm |
| 16:41 | Build | Farm |
| 16:41 | Build | Farm |
| 16:42 | Build | Farm |
| 16:42 | Build | Farm |
| 16:43 | Build | Farm |
| 16:47 | Build | Farm |
| 16:49 | Research | Padded Archer Armor |
| 16:49 | Research | Padded Archer Armor |
| 17:03 | Create | Villager (Male) |
| 17:03 | Create | Villager (Male) |
| 17:33 | Create | Skirmisher |
| 17:33 | Create | Skirmisher |
| 17:36 | Build | Archery Range |
| 18:20 | Create | Skirmisher |
| 18:20 | Create | Villager (Male) |
| 18:21 | Create | Villager (Male) |
| 18:48 | Create | Skirmisher |
| 18:49 | Create | Skirmisher |
| 18:49 | Create | Skirmisher |
| 18:50 | Create | Skirmisher |
| 18:50 | Create | Skirmisher |
| 19:09 | Create | Villager (Male) |
| 19:35 | Create | Skirmisher |
| 19:35 | Create | Skirmisher |
| 19:35 | Create | Skirmisher |
| 19:43 | Create | Villager (Male) |
| 19:43 | Create | Villager (Male) |
| 19:52 | Build | Mining Camp |
| 20:03 | Create | Villager (Male) |
| 20:13 | Build | House |
| 20:21 | Create | Villager (Male) |
| 20:42 | Create | Villager (Male) |
| 20:45 | Create | Skirmisher |
| 20:45 | Create | Skirmisher |
| 20:45 | Create | Skirmisher |
| 20:49 | Build | House |
| 21:26 | Create | Skirmisher |
| 21:51 | Create | Skirmisher |
| 21:51 | Create | Skirmisher |
| 21:52 | Create | Villager (Male) |
| 21:52 | Create | Villager (Male) |
| 21:52 | Create | Villager (Male) |
| 22:33 | Create | Villager (Male) |
| 22:42 | Create | Villager (Male) |
| 22:49 | Build | Lumber Camp |
| 23:39 | Create | Skirmisher |
| 23:39 | Create | Skirmisher |
| 23:40 | Create | Skirmisher |
| 23:41 | Create | Skirmisher |
| 23:42 | Create | Villager (Male) |
| 24:12 | Build | House |
| 24:19 | Create | Skirmisher |
| 24:22 | Create | Villager (Male) |
| 24:22 | Create | Villager (Male) |
| 24:58 | Create | Villager (Male) |
| 24:58 | Create | Villager (Male) |
Build order — Perro_Muchachev
First 150 of 181 actions detected
| 0:00 | Create | Villager (Male) |
| 0:00 | Create | Villager (Male) |
| 0:01 | Create | Villager (Male) |
| 0:02 | Build | House |
| 0:02 | Build | House |
| 0:09 | Create | Villager (Male) |
| 1:31 | Create | Villager (Male) |
| 1:31 | Create | Villager (Male) |
| 1:47 | Build | Lumber Camp |
| 1:59 | Create | Villager (Male) |
| 2:15 | Create | Villager (Male) |
| 2:15 | Create | Villager (Male) |
| 2:42 | Create | Villager (Male) |
| 3:14 | Create | Villager (Male) |
| 3:19 | Create | Villager (Male) |
| 3:19 | Create | Villager (Male) |
| 3:52 | Build | House |
| 4:00 | Create | Villager (Male) |
| 4:00 | Create | Villager (Male) |
| 4:10 | Create | Villager (Male) |
| 4:11 | Create | Villager (Male) |
| 4:41 | Create | Villager (Male) |
| 4:41 | Create | Villager (Male) |
| 5:17 | Create | Villager (Male) |
| 5:17 | Create | Villager (Male) |
| 5:34 | Build | Barracks |
| 5:37 | Create | Villager (Male) |
| 5:37 | Research | Loom |
| 5:47 | Build | House |
| 5:52 | Create | Villager (Male) |
| 6:56 | Research | Feudal Age |
| 6:56 | Research | Feudal Age |
| 7:02 | Build | Mining Camp |
| 7:16 | Create | Militia |
| 7:28 | Create | Militia |
| 7:28 | Create | Militia |
| 7:45 | Create | Militia |
| 7:46 | Create | Militia |
| 8:26 | Create | Villager (Male) |
| 9:05 | Build | House |
| 9:09 | Build | Mill |
| 9:15 | Age | Feudal Age |
| 9:16 | Research | Man-at-Arms (upgrade) |
| 9:16 | Research | Man-at-Arms (upgrade) |
| 9:22 | Build | Archery Range |
| 9:45 | Create | Villager (Male) |
| 9:54 | Build | Archery Range |
| 10:04 | Create | Villager (Male) |
| 10:17 | Build | House |
| 10:21 | Build | Farm |
| 10:25 | Create | Villager (Male) |
| 10:30 | Create | Villager (Male) |
| 10:40 | Build | Farm |
| 10:41 | Create | Villager (Male) |
| 10:51 | Create | Archer |
| 10:51 | Create | Archer |
| 10:53 | Build | Watch Tower |
| 11:05 | Build | House |
| 11:13 | Create | Archer |
| 11:18 | Create | Villager (Male) |
| 11:42 | Build | Blacksmith |
| 11:43 | Create | Villager (Male) |
| 11:53 | Create | Villager (Male) |
| 11:56 | Create | Archer |
| 11:56 | Create | Archer |
| 12:34 | Create | Villager (Male) |
| 12:41 | Create | Villager (Male) |
| 12:44 | Research | Fletching |
| 12:56 | Build | Watch Tower |
| 12:57 | Create | Villager (Male) |
| 13:14 | Build | Watch Tower |
| 13:14 | Create | Villager (Male) |
| 13:16 | Create | Archer |
| 13:17 | Create | Archer |
| 13:20 | Build | Farm |
| 13:20 | Build | Farm |
| 13:21 | Build | Farm |
| 13:21 | Build | Farm |
| 13:21 | Build | Farm |
| 13:21 | Build | Farm |
| 13:48 | Create | Villager (Male) |
| 13:53 | Build | Farm |
| 13:54 | Create | Villager (Male) |
| 13:57 | Build | Farm |
| 14:07 | Build | Palisade Wall |
| 14:08 | Build | Palisade Wall |
| 14:09 | Build | Palisade Wall |
| 14:09 | Build | Palisade Wall |
| 14:13 | Create | Archer |
| 14:21 | Research | Padded Archer Armor |
| 14:37 | Research | Town Watch |
| 14:40 | Build | House |
| 15:04 | Build | Archery Range |
| 15:10 | Create | Skirmisher |
| 15:10 | Create | Skirmisher |
| 15:11 | Create | Villager (Male) |
| 15:24 | Research | Double-Bit Axe |
| 15:25 | Research | Double-Bit Axe |
| 15:52 | Build | House |
| 15:58 | Create | Skirmisher |
| 15:58 | Create | Skirmisher |
| 16:18 | Build | House |
| 16:20 | Create | Villager (Male) |
| 16:27 | Create | Skirmisher |
| 16:27 | Create | Skirmisher |
| 16:28 | Create | Skirmisher |
| 16:28 | Create | Skirmisher |
| 16:35 | Create | Villager (Male) |
| 16:55 | Create | Skirmisher |
| 16:55 | Create | Skirmisher |
| 16:58 | Create | Skirmisher |
| 16:59 | Create | Skirmisher |
| 17:13 | Build | House |
| 17:32 | Create | Villager (Male) |
| 18:10 | Create | Villager (Male) |
| 18:13 | Create | Skirmisher |
| 18:13 | Create | Skirmisher |
| 18:16 | Create | Villager (Male) |
| 18:21 | Create | Villager (Male) |
| 18:45 | Create | Villager (Male) |
| 18:47 | Create | Skirmisher |
| 18:47 | Create | Skirmisher |
| 19:03 | Create | Villager (Male) |
| 19:07 | Create | Skirmisher |
| 19:07 | Create | Skirmisher |
| 19:09 | Build | House |
| 19:14 | Create | Villager (Male) |
| 19:36 | Create | Villager (Male) |
| 19:41 | Create | Villager (Male) |
| 19:45 | Create | Skirmisher |
| 19:45 | Create | Skirmisher |
| 19:45 | Create | Skirmisher |
| 19:46 | Create | Skirmisher |
| 19:52 | Build | House |
| 19:57 | Build | Mining Camp |
| 20:08 | Build | Mining Camp |
| 20:13 | Build | Farm |
| 20:14 | Build | Farm |
| 20:16 | Build | Farm |
| 20:28 | Create | Skirmisher |
| 20:28 | Create | Skirmisher |
| 20:41 | Build | House |
| 20:43 | Create | Villager (Male) |
| 20:49 | Build | Farm |
| 20:49 | Build | Farm |
| 20:49 | Build | Farm |
| 20:50 | Build | Farm |
| 20:50 | Build | Farm |
| 20:50 | Build | Farm |
| 20:50 | Build | Farm |
Match timeline
| 5:09 | sloppy_steaks · wall_segment Palisade Wall x5 |
| 5:10 | sloppy_steaks · wall_segment Palisade Wall x5 |
| 5:34 | Perro_Muchachev · first_building Barracks |
| 6:44 | sloppy_steaks · wall_segment Palisade Wall x8 |
| 7:35 | sloppy_steaks · first_building Barracks |
| 8:18 | sloppy_steaks · wall_segment Palisade Wall x7 |
| 8:46 | sloppy_steaks · wall_segment Palisade Wall x8 |
| 8:48 | sloppy_steaks · wall_segment Palisade Wall x15 |
| 8:54 | sloppy_steaks · wall_segment Palisade Wall x8 |
| 9:15 | Perro_Muchachev · age_up feudal |
| 9:22 | Perro_Muchachev · first_building Archery Range |
| 10:16 | sloppy_steaks · age_up feudal |
| 10:57 | sloppy_steaks · wall_segment Palisade Wall x1 |
| 11:02 | sloppy_steaks · wall_segment Palisade Wall x1 |
| 11:26 | sloppy_steaks · first_building Archery Range |
| 11:37 | sloppy_steaks · wall_segment Palisade Wall x1 |
| 11:38 | sloppy_steaks · wall_segment Palisade Wall x1 |
| 11:39 | sloppy_steaks · wall_segment Palisade Wall x1 |
| 11:40 | sloppy_steaks · wall_segment Palisade Wall x1 |
| 11:40 | sloppy_steaks · wall_segment Palisade Wall x1 |
| 11:41 | sloppy_steaks · wall_segment Palisade Wall x1 |
| 11:49 | sloppy_steaks · wall_segment Palisade Wall x1 |
| 11:53 | sloppy_steaks · wall_segment Palisade Wall x1 |
| 11:54 | sloppy_steaks · wall_segment Palisade Wall x1 |
| 11:55 | sloppy_steaks · wall_segment Palisade Wall x1 |
| 13:16 | sloppy_steaks · wall_segment Palisade Wall x1 |
| 14:07 | Perro_Muchachev · wall_segment Palisade Wall x1 |
| 14:08 | Perro_Muchachev · wall_segment Palisade Wall x1 |
| 14:09 | Perro_Muchachev · wall_segment Palisade Wall x1 |
| 14:09 | Perro_Muchachev · wall_segment Palisade Wall x1 |
| 22:33 | Perro_Muchachev · first_market_buy 100 food |
| 25:19 | Perro_Muchachev · age_up castle |
| 25:28 | sloppy_steaks · resign |
[ AI ANALYSIS · 1 CREDIT ]
What really happened in this match?
Wolo.gg analyzes every decision: build order, eco, micro, common mistakes by bracket. Personalized analysis on WhatsApp or Discord in 30 seconds.
Civ guide
Poles
Perfil
sloppy_steaks